 Dungeon Crawl Stone Soup version 0.28-b1-25-g9875b3fc8c (webtiles) character file.

Game seed: 1353333267513736416

383 lordive the Digger (level 6, 0/34 HPs)
             Began as a Gargoyle Earth Elementalist on Jan 31, 2022.
             Slain by an orc (3 damage)
             ... on level 5 of the Dungeon.
             The game lasted 00:11:03 (5727 turns).

lordive the Digger (Gargoyle Earth Elementalist)    Turns: 5727, Time: 00:11:04

Health: 0/34       AC:  6    Str: 11    XL:     6   Next: 76%
Magic:  2/11       EV: 12    Int: 18    God:
Gold:   161        SH:  0    Dex: 10    Spells: 7/11 levels left

rFire   . . .      SeeInvis .   q - +1 whip (elec)
rCold   . . .      Faith    .   (no shield)
rNeg    + . .      Spirit   .   b - +0 robe
rPois   ∞          Reflect  .   (no helmet)
rElec   +          Harm     .   (no cloak)
rCorr   .          Rampage  .   (no gloves)
Will    .....                   (no boots)
Stlth   ++........              (no amulet)
HPRegen 0.11/turn               (no ring)
MPRegen 0.12/turn               (no ring)

@: no status effects
A: sickness immunity, AC +4, negative energy resistance 1, electricity
resistance, torment resistance 1, petrification resistance
a: no special abilities


You were on level 5 of the Dungeon.
You visited 1 branch of the dungeon, and saw 5 of its levels.

You collected 161 gold pieces.

Inventory:

Hand Weapons
 g - a +0 club
 m - a +0 flail of draining
 q - a +1 whip of electrocution (weapon)
Missiles
 c - 86 stones
 r - 2 throwing nets
Armour
 b - a +0 robe (worn)
 e - a +0 leather armour
Jewellery
 i - an amulet of reflection
 j - an amulet of the acrobat
 s - a ring of fire
Scrolls
 a - a scroll of magic mapping {unknown}
 k - 5 scrolls of identify {unknown}
 l - a scroll of blinking {unknown}
 n - a scroll of noise {unknown}
 p - a scroll of enchant weapon {unknown}
 t - a scroll of silence {unknown}
 u - a scroll of immolation {unknown}
Potions
 d - 3 potions of haste {unknown}
 f - 2 potions of might {unknown}
 h - 2 potions of flight {unknown}
 o - a potion of brilliance {unknown}


   Skills:
 + Level 1.4 Fighting
 + Level 2.0 Maces & Flails
 + Level 2.3 Dodging
 - Level 2.1 Stealth
 + Level 3.4 Spellcasting
 * Level 2.8 Conjurations
 + Level 0.7 Transmutations
 * Level 5.7 Earth Magic


You had 7 spell levels left.
You knew the following spells:

 Your Spells              Type           Power      Damage    Failure   Level
a - Sandblast             Erth           46%        2d11      1%          1
b - Stone Arrow           Conj/Erth      36%        3d9       9%          3

Your spell library contained the following spells:

 Spells                   Type           Power      Damage    Failure   Level
 Passwall                 Tmut/Erth      11%        N/A       6%          2
 Petrify                  Tmut/Erth      14%        N/A       38%         4
 Portal Projectile        Hex/Tloc       6%         N/A       43%         3
 Blade Hands              Tmut           2%         N/A       97%         5
 Excruciating Wounds      Necr           1%         N/A       99%         5


Dungeon Overview and Level Annotations

Branches:
Dungeon (5/15)
 Temple: D:4-7

Altars:
Nemelex Xobeh
Qazlal
The Shining One

Shops:
D:1 ([   D:2 [   D:5 [


Innate Abilities, Weirdness & Mutations

You are immune to sickness and miasma.
Your stone body is resilient. (AC +4)
You are immune to poison.
You resist negative energy. (rN+)
You are resistant to electric shocks. (rElec)
You are resistant to unholy torment.
You are immune to petrification.


Message History

Press: ? - help, Shift-Dir - straight line, f/p - scorpion
Aim: a scorpion (heavily wounded, 81% to hit)
The blast of sand hits the scorpion.
The scorpion is almost dead.
c - 86 stones The scorpion stings you but does no damage.
You hit the scorpion.
You kill the scorpion!
Your Maces & Flails skill increases to level 2!
You closely miss the orc. The orc hits you with a +0 war axe!
* * * LOW HITPOINT WARNING * * *
A bullfrog skeleton comes into view.
You hit the orc. Your punch misses the orc.
The orc is heavily wounded.
The orc closely misses you.
You closely miss the orc.
The orc is heavily wounded.
The orc hits you with a +0 war axe.
* * * LOW HITPOINT WARNING * * *
The orc closely misses you.
A water moccasin zombie comes into view.
Your magical contamination has completely faded away.
You open the door. The orc hits you but does no damage.
The bullfrog skeleton hits you but does no damage.
Found a sparkling altar of Nemelex Xobeh.
There is an open door here.
There is a sparkling altar of Nemelex Xobeh here.
You barely miss the orc.
The orc is heavily wounded.
The orc hits you but does no damage.
You barely miss the orc.
The orc is heavily wounded.
The orc closely misses you.
You closely miss the orc.
The orc is heavily wounded.
The orc barely misses you.
You closely miss the orc.
The orc is heavily wounded.
The orc hits you with a +0 war axe.
You die...

####### ## ###8#8.8##
..#### ######........#
....#.# ##.......>.∩.<.#
.......###..............#
###.........†.....8.8.8...
........###...##....#.....
........+@oZ..#....#......
....##..###l....#..#..(...
.......(.......#...#......
.##.......#....#.....##...
....##.........#...... >..
.##.#.....#...........
#.......##........
##..##†#######.... #......
....


You could see an iguana, an orc and a bullfrog skeleton.

Vanquished Creatures
  3 scorpions
  5 gnolls
  6 adders
  An ufetubus (D:5)
  5 worms
  2 dart slugs
  3 orcs (D:3)
  5 endoplasms
  2 giant cockroaches
  6 goblins
  3 hobgoblins
  10 jackals
  2 quokkas
  6 ball pythons
  7 bats
  3 frilled lizards
  11 kobolds
  9 rats
89 creatures vanquished.

Notes
Turn   | Place    | Note
-------+----------+-------------------------------------------
     0 | D:1      | lordive the Gargoyle Earth Elementalist began the quest for
                  | the Orb.
     0 | D:1      | Reached XP level 1. HP: 10/10 MP: 3/3
   149 | D:1      | Found a faded altar of an unknown god.
   232 | D:1      | Reached XP level 2. HP: 7/15 MP: 0/5
   527 | D:1      | Reached skill level 1 in Conjurations
   587 | D:1      | Found Kuefroxu's Antique Armour Emporium.
   832 | D:1      | Reached XP level 3. HP: 10/19 MP: 2/6
   978 | D:1      | Reached skill level 4 in Earth Magic
  1013 | D:1      | Learned a level 3 spell: Stone Arrow
  1230 | D:1      | Found Agugh's Weapon Shoppe.
  1409 | D:1      | Found a stormy altar of Qazlal.
  2706 | D:2      | Reached XP level 4. HP: 15/24 MP: 4/8
  3470 | D:2      | Found Huph's Armour Shop.
  4107 | D:3      | Reached skill level 1 in Maces & Flails
  4107 | D:3      | Reached XP level 5. HP: 28/28 MP: 5/9
  4111 | D:3      | Reached skill level 1 in Fighting
  4492 | D:3      | Reached skill level 5 in Earth Magic
  4652 | D:3      | Reached XP level 6. HP: 27/34 MP: 0/10
  4878 | D:3      | Found a glowing golden altar of the Shining One.
  5385 | D:5      | Entered Level 5 of the Dungeon
  5385 | D:5      | Found Duohuer's Antique Armour Shop.
  5714 | D:5      | HP: 1/34 [orc (5)]
  5721 | D:5      | Found a sparkling altar of Nemelex Xobeh.
  5727 | D:5      | Slain by an orc

Illustrated notes

Levels and vault maps discovered:
D:1:      dpeg_arrival_lava_altar, layout_basic, serial_shops,
          nicolae_shop_crystal, nicolae_shop_trees,
          hellmonk_ecumenical_altar_arch_garden
D:2:      layout_loops_cross, serial_shops, nicolae_shop_hallway_plus,
          kennysheep_another_room, hex_large, minmay_misc_feat_rugged
D:3:      minmay_diamond_boxcup, layout_loops_ring, old_standard_altar,
          minivault_19, minmay_misc_feat_enclosed, minmay_misc_feat_tiny,
          minmay_fractal_squares_diagonal_5
D:4:      layout_loops_ring, minmay_misc_feat_nine_boxes, dk_noncrumbling_4,
          kennysheep_potato
D:5:      layout_cave_pools, yredelemnul_altar_generic, kennysheep_mini,
          elyvilon_altar_4, mainiacjoe_overflow_brackets, serial_shops,
          nicolae_stop_n_shop_2, shop, uniq_edmund, uniq_grinder

Skill      XL: |  1  2  3  4  5  6 |
---------------+-------------------+-----
Conjurations   | 1 2 |  2.8
Earth Magic    | 4 5 |  5.7
Spellcasting   | 3 |  3.4
Maces & Flails | 1 2 |  2.0
Dodging        | 2 |  2.3
Fighting       | 1 |  1.4
Stealth        | |  2.1
Transmutations | |  0.7

Action                   |  1- 3 |  4- 6 || total
-------------------------+-------+-------++-------
Melee: Unarmed           |     2 |       ||     2
       Club              |    68 |    49 ||   117
       Punch             |       |     2 ||     2
       Whip              |       |    65 ||    65
       Flail             |       |     4 ||     4
 Cast: Sandblast         |    35 |    17 ||    52
       Stone Arrow       |     1 |    32 ||    33
 Stab: Sleeping          |     3 |       ||     3
Armor: Robe              |    34 |    80 ||   114
Dodge: Dodged            |    71 |   142 ||   213
